 Dungeon Crawl Stone Soup version 0.32-a0-128-g77eb882913 (webtiles) character file.

Game seed: 10269345239603062021

79 Dittersdorf the Covered (level 4, -1/29 HPs)
             Began as a Gargoyle Fighter on Feb 7, 2024.
             Slain by Sigmund
             ... wielding a +0 scythe
              (9 damage)
             ... on level 3 of the Dungeon.
             The game lasted 00:03:29 (1898 turns).

Dittersdorf the Covered (Gargoyle Fighter)          Turns: 1898, Time: 00:03:30

Health: -1/29      AC: 14    Str: 21    XL:     4   Next: 38%
Magic:  4/4        EV: 13    Int:  9    God:
Gold:   88         SH:  4    Dex:  9    Spells: 3/3 levels left

rFire   . . .        a - +0 flail
rCold   . . .        c - +0 buckler
rNeg    + . .        o - +0 chain mail
rPois   ∞            (no helmet)
rElec   +            (no cloak)
rCorr   .            p - +0 pair of gloves
SInv    .            (no boots)
Will    .....        (no amulet) Stlth
                     n - +5 ring of evasion
HPRegen 0.24/turn    (no ring)
MPRegen 0.09/turn

%: no passive effects
@: no status effects
A: sickness immunity, AC +3, negative energy resistance 1, electricity
resistance, torment resistance 1, petrification resistance
a: no special abilities


You were on level 3 of the Dungeon.
You visited 1 branch of the dungeon, and saw 3 of its levels.

You collected 88 gold pieces.

Inventory:

Hand Weapons
 a - a +0 flail (weapon)
Armour
 c - a +0 buckler (worn)
 o - a +0 chain mail (worn)
 p - a +0 pair of gloves (worn)
Jewellery
 n - a +5 ring of evasion (left hand)
Scrolls
 e - a scroll of summoning {unknown}
 f - a scroll of teleportation {unknown}
 i - a scroll of blinking {unknown}
 k - a scroll of amnesia {unknown}
 l - a scroll of brand weapon {unknown}
 m - 3 scrolls of fog {unknown}
Potions
 b - a potion of cancellation {unknown}
 d - a potion of might
 g - a potion of curing {unknown}
 h - a potion of attraction {unknown}
 j - a potion of enlightenment {unknown}


   Skills:
 + Level 3.9 Fighting
 + Level 2.7 Maces & Flails
 + Level 4.0 Armour
 + Level 3.9 Shields


You had 3 spell levels left.
You didn't know any spells.
Your spell library contained the following spells:

 Spells                   Type           Power      Damage    Failure   Level
 Call Imp                 Summ           0%         N/A       99%         2
 Momentum Strike          Conj/Tloc      0%         3d8       99%         2
 Dimensional Bullseye     Hex/Tloc       0%         N/A       100%        4
 Petrify                  Alch/Erth      0%         N/A       100%        4
 Irradiate                Conj/Alch      0%         3d11      100%        5
 Summon Hydra             Summ           0%         N/A       100%        7
 Sublimation of Blood     Necr           Unusable   N/A       N/A         2

Dungeon Overview and Level Annotations

Branches:
Dungeon (3/15)

Altars:
Sif Muna

Annotations:
D:3 Sigmund


Innate Abilities, Weirdness & Mutations

You are immune to sickness and miasma.
Your stone body is resilient. (AC +3)
You are immune to poison.
You resist negative energy. (rN+)
You are resistant to electric shocks. (rElec)
You are resistant to unholy torment.
You are immune to petrification.


Message History

You closely miss the hobgoblin.
The hobgoblin is heavily wounded.
Something hits you but does no damage. The hobgoblin misses you.
You hit the hobgoblin.
The hobgoblin is almost dead.
The hobgoblin closely misses you. Something barely misses you.
The hobgoblin closely misses you.
You closely miss the hobgoblin.
The hobgoblin is almost dead.
Something hits you. You block the hobgoblin's attack.
You hit the hobgoblin.
You kill the hobgoblin!
Something hits you.
No target in view!
No target in view!
No target in view!
No target in view!
No target in view!
No target in view!
No target in view!
No target in view!
No target in view!
No target in view!
No target in view!
No target in view!
No target in view!
No target in view!
No target in view!
No target in view!
You see here a hobgoblin corpse.
You hit something but do no damage. Something hits you.
You closely miss something. Something hits you.
You barely miss something. Something hits you but does no damage.
You barely miss something. Something hits you but does no damage.
You miss something. Something hits you.
You miss something. Something hits you.
* * * LOW HITPOINT WARNING * * *
You barely miss something. You closely miss something. Something hits you!
You die...

....# #.#.# #.# #.#.#
#.# #.#.### #.## #.....
...# #.).# #..# #...#
#..# ###
###.##...#####..#.....
........<..^...@{.:.<>.
##.......#..####.#..###
#.##..)###.# ## # #
#...# ##.. #.... .≈..
..#..# .≈.≈≈≈ .#.#..#
.≈≈... . ... .≈≈._.
.≈≈...


There were no monsters in sight!

Vanquished Creatures
  3 adders (D:2)
  An orc (D:2)
  2 endoplasms
  2 giant cockroaches
  5 goblins
  7 hobgoblins
  6 jackals
  2 kobolds (D:1)
  A quokka (D:2)
  7 ball pythons
  6 bats
  A frilled lizard (D:2)
  4 rats
47 creatures vanquished.

Notes
Turn   | Place    | Note
-------+----------+-------------------------------------------
     0 | D:1      | Dittersdorf the Gargoyle Fighter began the quest for the
                  | Orb.
     0 | D:1      | Reached XP level 1. HP: 14/14 MP: 1/1
    95 | D:1      | Reached XP level 2. HP: 12/19 MP: 2/2
   900 | D:2      | Reached XP level 3. HP: 23/23 MP: 3/3
  1384 | D:2      | Reached XP level 4. HP: 29/29 MP: 4/4
  1404 | D:2      | Got the Compendium of Translocational Malisons
  1414 | D:2      | Reached skill level 4 in Armour
  1875 | D:3      | Found a shimmering blue altar of Sif Muna.
  1879 | D:3      | Noticed Sigmund
  1898 | D:3      | Slain by Sigmund

Illustrated notes

Levels and vault maps discovered:
D:1:      psy_arrival_radial01, layout_basic, serial_glass, glass_columns_a,
          glass_columns_c, nicolae_the_louvre
D:2:      minmay_inner_zag, layout_loops_ring, serial_glass, glass_columns_a,
          glass_columns_a, glass_columns_c, glass_columns_a, glass_columns_b,
          glass_columns_b, glass_columns_a, glass_columns_a, glass_columns_a,
          glass_columns_a, kennysheep_donut
D:3:      layout_loops_ring, mainiacjoe_overflow_paths, serial_shops, shop,
          uniq_sigmund

Skill      XL: |  1  2  3  4 |
---------------+-------------+-----
Armour         | 4 |  4.0
Fighting       | |  3.9
Maces & Flails | |  2.7
Shields        | |  3.9

Action                     |  1- 3 |  4- 6 || total
---------------------------+-------+-------++-------
  Melee: Flail             |   101 |    45 ||   146
 Armour: Scale mail        |    36 |       ||    36
         Chain mail        |    44 |    33 ||    77
  Dodge: Dodged            |    47 |    12 ||    59
  Block: Buckler           |    23 |    11 ||    34

Table legend: (Time is in decaauts)
 A = Elapsed time spent in this place.
 B = Non-inter-level travel time spent in this place.
 C = Inter-level travel time spent in this place.
 D = Time resting spent in this place.
 E = Time spent auto-exploring this place.
 F = Levels seen in this place.
 G = Mean time per level.
                   A        B        C        D        E       F      G
               +--------+--------+--------+--------+--------+-----+--------+
         Total |   1941 |   1806 |    135 |      0 |   1441 |   3 |  647.0 |
       Dungeon |   1941 |   1806 |    135 |      0 |   1441 |   3 |  647.0 |
               +--------+--------+--------+--------+--------+-----+--------+

Top non-repeatable levels by time:
     D:2: 988 daAuts
     D:1: 912 daAuts
     D:3: 41 daAuts
